TOP OF THE 1ST |
Staten Island Yankees batting - Pitching for Spokane Indians : LHP Leonor Bem
|
Pitching: LHP Leonor Bem
|
|
Batting: RHB Phil Reeves
|
0-0: Ball 1-0: Foul Ball, location: 2F 1-1: Ball 2-1: Foul Ball, location: 2F 2-2: Ball 3-2: Foul Ball, location: 2F 3-2: Ground out 4-3 (Groundball, 4, EV 86.9 MPH)
|
Batting: RHB Antonio Castillo
|
0-0: Ball 1-0: Fly out, F8 (Line Drive, 8RM, EV 94.4 MPH)
|
Batting: RHB Dale Altman
|
0-0: Swinging Strike 0-1: Swinging Strike 0-2: Ball 1-2: Foul Ball, location: 2F 1-2: Ball 2-2: Strikes out swinging
|
Top of the 1st over - 0 runs, 0 hits, 0 errors, 0 left on base; Staten Island 0 - Spokane 0 |
BOTTOM OF THE 1ST |
Spokane Indians batting - Pitching for Staten Island Yankees : RHP Khayyat bin Faruq
|
Pitching: RHP Khayyat bin Faruq
|
|
Batting: LHB Jose Baez
|
0-0: Ball 1-0: Fly out, F8 (Flyball, 8LM, EV 89.4 MPH)
|
Batting: RHB Andrew Clarke
|
0-0: Fly out, F7 (Line Drive, 7, EV 97.5 MPH)
|
Batting: LHB William Hanley
|
0-0: Ground out 6-3 (Groundball, 6M, EV 88.8 MPH)
|
Bottom of the 1st over - 0 runs, 0 hits, 0 errors, 0 left on base; Staten Island 0 - Spokane 0 |
TOP OF THE 2ND |
Staten Island Yankees batting - Pitching for Spokane Indians : LHP Leonor Bem
|
Batting: LHB Victor Fiallos
|
0-0: Called Strike 0-1: Ball 1-1: Called Strike 1-2: Foul Ball, location: 2F 1-2: Ground out 5-3 (Groundball, 56, EV 80.0 MPH)
|
Batting: RHB Devon Utley
|
0-0: Ground out 4-3 (Groundball, 4MS, EV 66.9 MPH)
|
Batting: LHB Bart Davies
|
0-0: Swinging Strike 0-1: Ball 1-1: Swinging Strike 1-2: Foul Ball, location: 2F 1-2: Strikes out swinging
|
Top of the 2nd over - 0 runs, 0 hits, 0 errors, 0 left on base; Staten Island 0 - Spokane 0 |
BOTTOM OF THE 2ND |
Spokane Indians batting - Pitching for Staten Island Yankees : RHP Khayyat bin Faruq
|
Batting: RHB Dale Aubrey
|
0-0: Swinging Strike 0-1: Foul Ball, location: 2F 0-2: Foul Ball, location: 2F 0-2: Strikes out swinging
|
Batting: LHB Antonio Domingues
|
0-0: Ball 1-0: Ball 2-0: Ball 3-0: Base on Balls
|
Batting: SHB Kaname Fujimoto
|
0-0: Ball 1-0: Ball 2-0: Ball 3-0: Base on Balls Antonio Domingues to second
|
Batting: LHB Mike Sammons
|
0-0: Ball Antonio Domingues steals 3rd base 1-0: Ball 2-0: Foul Ball, location: 2F 2-1: Fly out, F9 (Flyball, 9, EV 86.2 MPH)
|
Batting: RHB Shoh Tanioka
|
0-0: Ball 1-0: Ball 2-0: SINGLE (Flyball, 6D, EV 97.5 MPH) Antonio Domingues scores Kaname Fujimoto to second Runner from 2nd tries for 3rd, SAFE, throw by CF made to third
|
Batting: SHB Reagan Dudley
|
0-0: Ball 1-0: Swinging Strike 1-1: Called Strike 1-2: 3-RUN HOME RUN (Flyball, 9LD, EV 91.2 MPH), Distance : 336 ft
|
Batting: LHB Jose Baez
|
0-0: Ball 1-0: Called Strike 1-1: Called Strike 1-2: Ball 2-2: Ground out U3 (Groundball, 23, EV 83.1 MPH)
|
Bottom of the 2nd over - 4 runs, 2 hits, 0 errors, 0 left on base; Staten Island 0 - Spokane 4 |
TOP OF THE 3RD |
Staten Island Yankees batting - Pitching for Spokane Indians : LHP Leonor Bem
|
Batting: RHB Jose Tovar
|
0-0: Ball 1-0: Ball 2-0: Ball 3-0: Base on Balls
|
Batting: SHB Jeffrey Louter
|
0-0: Called Strike 0-1: Swinging Strike 0-2: Strikes out swinging
|
Batting: RHB Alfredo Razo
|
0-0: Called Strike 0-1: Ball 1-1: Grounds into double play, 5-4-3 (Groundball, 56, EV 97.5 MPH)
|
Top of the 3rd over - 0 runs, 0 hits, 0 errors, 0 left on base; Staten Island 0 - Spokane 4 |
BOTTOM OF THE 3RD |
Spokane Indians batting - Pitching for Staten Island Yankees : RHP Khayyat bin Faruq
|
Batting: RHB Andrew Clarke
|
0-0: Fly out, F9 (Flyball, 9S, EV 88.1 MPH)
|
Batting: LHB William Hanley
|
0-0: Ground out U3 (Groundball, 34S, EV 88.8 MPH)
|
Batting: RHB Dale Aubrey
|
0-0: Called Strike 0-1: Ball 1-1: Ball 2-1: Called Strike 2-2: Ball 3-2: Foul Ball, location: 2F 3-2: Ground out 5-3 (Groundball, 56S, EV 85.6 MPH)
|
Bottom of the 3rd over - 0 runs, 0 hits, 0 errors, 0 left on base; Staten Island 0 - Spokane 4 |
TOP OF THE 4TH |
Staten Island Yankees batting - Pitching for Spokane Indians : LHP Leonor Bem
|
Batting: RHB Phil Reeves
|
0-0: Foul Ball, location: 2F 0-1: Ball 1-1: Foul Ball, location: 2F 1-2: Ground out 4-3 (Groundball, 4, EV 85.0 MPH)
|
Batting: RHB Antonio Castillo
|
0-0: Called Strike 0-1: Ball 1-1: Ball 2-1: Foul Ball, location: 2F 2-2: Strikes out swinging
|
Batting: RHB Dale Altman
|
0-0: Called Strike 0-1: SINGLE (Groundball, 6M, EV 104.4 MPH) (infield hit)
|
Batting: LHB Victor Fiallos
|
0-0: Ball 1-0: Ball 2-0: SINGLE (Line Drive, 34D, EV 101.9 MPH) Dale Altman to second
|
Batting: RHB Devon Utley
|
0-0: DOUBLE (Flyball, 89XD, EV 93.1 MPH) Dale Altman scores Victor Fiallos to third Runner from 3rd tries for Home, SAFE, throw by CF to trailing runner, SAFE at third!
|
Batting: LHB Bart Davies
|
0-0: Called Strike 0-1: Ground out 4-3 (Groundball, 34, EV 93.8 MPH)
|
Top of the 4th over - 2 runs, 3 hits, 0 errors, 1 left on base; Staten Island 2 - Spokane 4 |
BOTTOM OF THE 4TH |
Spokane Indians batting - Pitching for Staten Island Yankees : RHP Khayyat bin Faruq
|
Batting: LHB Antonio Domingues
|
0-0: Ball 1-0: Foul Ball, location: 2F 1-1: Called Strike 1-2: Foul Ball, location: 2F 1-2: Foul Ball, location: 2F 1-2: Ball 2-2: Fly out, F7 (Flyball, 7, EV 92.5 MPH)
|
Batting: SHB Kaname Fujimoto
|
0-0: Ball 1-0: SINGLE (Groundball, 3D, EV 93.8 MPH)
|
Batting: LHB Mike Sammons
|
0-0: Ball 1-0: Ball Kaname Fujimoto steals 2nd, throwing error, E2 Kaname Fujimoto to third 2-0: Ball 3-0: Base on Balls
|
Batting: RHB Shoh Tanioka
|
0-0: Ball Mike Sammons steals 2nd base 1-0: Ball 2-0: Foul Ball, location: 2F 2-1: Fly out, F8 (Flyball, 8RD, EV 99.4 MPH) Runner from 3rd tags up, SCORES, no throw by CF
|
Batting: SHB Reagan Dudley
|
0-0: Called Strike 0-1: Called Strike 0-2: Ball 1-2: Ball 2-2: Strikes out looking
|
Bottom of the 4th over - 1 run, 1 hit, 1 error, 1 left on base; Staten Island 2 - Spokane 5 |
TOP OF THE 5TH |
Staten Island Yankees batting - Pitching for Spokane Indians : LHP Leonor Bem
|
Batting: RHB Jose Tovar
|
0-0: Ball 1-0: Called Strike 1-1: Swinging Strike 1-2: Strikes out swinging
|
Batting: SHB Jeffrey Louter
|
0-0: Foul Ball, location: 2F 0-1: Ball 1-1: Ball 2-1: Ball 3-1: Foul Ball, location: 2F 3-2: Foul Ball, location: 2F 3-2: Strikes out swinging
|
Batting: RHB Alfredo Razo
|
0-0: Called Strike 0-1: Fly out, F8 (Flyball, 8LXD, EV 107.5 MPH)
|
Top of the 5th over - 0 runs, 0 hits, 0 errors, 0 left on base; Staten Island 2 - Spokane 5 |
BOTTOM OF THE 5TH |
Spokane Indians batting - Pitching for Staten Island Yankees : RHP Khayyat bin Faruq
|
Batting: LHB Jose Baez
|
0-0: Ball 1-0: Called Strike 1-1: Foul Ball, location: 2F 1-2: Ball 2-2: Fly out, F7 (Line Drive, 7, EV 93.1 MPH)
|
Batting: RHB Andrew Clarke
|
0-0: Swinging Strike 0-1: Called Strike 0-2: Strikes out looking
|
Batting: LHB William Hanley
|
0-0: Ball 1-0: Foul Ball, location: 2F 1-1: Fly out, F6 (Popup, 6MD, EV 45.6 MPH)
|
Bottom of the 5th over - 0 runs, 0 hits, 0 errors, 0 left on base; Staten Island 2 - Spokane 5 |
TOP OF THE 6TH |
Staten Island Yankees batting - Pitching for Spokane Indians : LHP Leonor Bem
|
Batting: RHB Phil Reeves
|
0-0: Ball 1-0: Fly out, F9 (Flyball, 9S, EV 90.0 MPH)
|
Batting: RHB Antonio Castillo
|
0-0: Called Strike 0-1: Foul Ball, location: 2F 0-2: Foul Ball, location: 2F 0-2: Ball 1-2: Strikes out swinging
|
Batting: RHB Dale Altman
|
0-0: Ball 1-0: Ball 2-0: Fly out, F8 (Flyball, 89M, EV 91.9 MPH)
|
Top of the 6th over - 0 runs, 0 hits, 0 errors, 0 left on base; Staten Island 2 - Spokane 5 |
BOTTOM OF THE 6TH |
Spokane Indians batting - Pitching for Staten Island Yankees : RHP Khayyat bin Faruq
|
Pitching: RHP Bill Setzer
|
|
Batting: RHB Dale Aubrey
|
0-0: Ground out 3-1 (Groundball, 34S, EV 83.8 MPH)
|
Batting: LHB Antonio Domingues
|
0-0: Swinging Strike 0-1: Ball 1-1: Swinging Strike 1-2: Ball 2-2: Strikes out looking
|
Batting: SHB Kaname Fujimoto
|
0-0: Called Strike 0-1: Called Strike 0-2: Foul Ball, location: 2F 0-2: Strikes out swinging
|
Bottom of the 6th over - 0 runs, 0 hits, 0 errors, 0 left on base; Staten Island 2 - Spokane 5 |
TOP OF THE 7TH |
Staten Island Yankees batting - Pitching for Spokane Indians : LHP Leonor Bem
|
Now at 2B: Knud Prins
|
|
Batting: LHB Victor Fiallos
|
0-0: Ball 1-0: SOLO HOME RUN (Flyball, 9D, EV 97.5 MPH), Distance : 351 ft
|
Batting: RHB Devon Utley
|
0-0: Called Strike 0-1: Called Strike 0-2: Foul Ball, location: 2F 0-2: Ball 1-2: Strikes out looking
|
Batting: LHB Bart Davies
|
0-0: Ball 1-0: Ground out 4-3 (Groundball, 4, EV 85.6 MPH)
|
Batting: RHB Jose Tovar
|
0-0: Ball 1-0: Swinging Strike 1-1: Ball 2-1: Ball 3-1: Foul Ball, location: 2F 3-2: Strikes out swinging
|
Top of the 7th over - 1 run, 1 hit, 0 errors, 0 left on base; Staten Island 3 - Spokane 5 |
BOTTOM OF THE 7TH |
Spokane Indians batting - Pitching for Staten Island Yankees : RHP Bill Setzer
|
Batting: LHB Mike Sammons
|
0-0: Ball 1-0: Called Strike 1-1: Foul Ball, location: 2F 1-2: Ball 2-2: Ball 3-2: SINGLE (Groundball, 34D, EV 110.6 MPH)
|
Batting: RHB Shoh Tanioka
|
0-0: Called Strike 0-1: Called Strike 0-2: Hit by Pitch Mike Sammons to second
|
Batting: SHB Reagan Dudley
|
0-0: Ball 1-0: Ball Wild Pitch! Mike Sammons to third Shoh Tanioka to second 2-0: Ball 3-0: Called Strike 3-1: Base on Balls
|
Batting: LHB Jose Baez
|
0-0: Ball 1-0: Grounds into fielders choice 3-2 (Groundball, 13, EV 85.0 MPH) Shoh Tanioka to third Reagan Dudley to second
|
Batting: RHB Knud Prins
|
0-0: Grounds into fielders choice 4-2 (Groundball, 4, EV 91.2 MPH) Reagan Dudley to third Jose Baez to second
|
Batting: LHB William Hanley
|
0-0: Ball 1-0: Ball 2-0: Ball 3-0: Base on Balls Reagan Dudley scores Jose Baez to third Knud Prins to second
|
Batting: RHB Dale Aubrey
|
0-0: Ball 1-0: Ball 2-0: Fielders Choice at 2nd, 5-4 (Groundball, 56, EV 87.5 MPH)
|
Bottom of the 7th over - 1 run, 1 hit, 0 errors, 3 left on base; Staten Island 3 - Spokane 6 |
TOP OF THE 8TH |
Staten Island Yankees batting - Pitching for Spokane Indians : LHP Leonor Bem
|
Batting: SHB Jeffrey Louter
|
0-0: Ball 1-0: Ball 2-0: Called Strike 2-1: Called Strike 2-2: Ball 3-2: Strikes out swinging
|
Batting: RHB Alfredo Razo
|
0-0: Ball 1-0: Ground out 6-3 (Groundball, 6M, EV 80.6 MPH)
|
Batting: RHB Phil Reeves
|
0-0: Swinging Strike 0-1: Ball 1-1: Swinging Strike 1-2: Foul Ball, location: 2F 1-2: Foul Ball, location: 2F 1-2: SOLO HOME RUN (Flyball, 78XD, EV 102.5 MPH), Distance : 394 ft
|
Batting: RHB Antonio Castillo
|
0-0: Hit by Pitch
|
Pitching: RHP Freddie Deitz
|
|
Batting: RHB Dale Altman
|
0-0: Called Strike 0-1: Ground out U3 (Groundball, 34, EV 100.6 MPH)
|
Top of the 8th over - 1 run, 1 hit, 0 errors, 1 left on base; Staten Island 4 - Spokane 6 |
BOTTOM OF THE 8TH |
Spokane Indians batting - Pitching for Staten Island Yankees : RHP Bill Setzer
|
Pitching: RHP Jimmy Wilder
|
|
Batting: LHB Antonio Domingues
|
0-0: Called Strike 0-1: Foul Ball, location: 2F 0-2: Ball 1-2: Ground out 1-3 (Groundball, 15S, EV 65.6 MPH)
|
Batting: SHB Kaname Fujimoto
|
0-0: Called Strike 0-1: Foul Ball, location: 2F 0-2: Ball 1-2: Ball 2-2: Foul Ball, location: 2F 2-2: Foul Ball, location: 2F 2-2: Ball 3-2: Ground out 5-3 (Groundball, 5S, EV 76.2 MPH)
|
Batting: LHB Mike Sammons
|
0-0: Ball 1-0: Foul Ball, location: 2F 1-1: Foul Ball, location: 2F 1-2: Ground out 5-3 (Groundball, 5, EV 91.9 MPH)
|
Bottom of the 8th over - 0 runs, 0 hits, 0 errors, 0 left on base; Staten Island 4 - Spokane 6 |
TOP OF THE 9TH |
Staten Island Yankees batting - Pitching for Spokane Indians : RHP Freddie Deitz
|
Pitching: LHP Ryan Fulford
|
|
Batting: LHB Victor Fiallos
|
0-0: Called Strike 0-1: Called Strike 0-2: Strikes out swinging, 2-3 out at first.
|
Batting: RHB Devon Utley
|
0-0: Ball 1-0: SINGLE (Groundball, 56D, EV 110.0 MPH)
|
Pinch Hitting: RHB Christian Shearer
|
0-0: Ball 1-0: Called Strike 1-1: Ball 2-1: Called Strike 2-2: Strikes out swinging
|
Batting: RHB Jose Tovar
|
0-0: Called Strike 0-1: Ball 1-1: Ball 2-1: Ball 3-1: Foul Ball, location: 2F 3-2: Strikes out swinging
|
Top of the 9th over - 0 runs, 1 hit, 0 errors, 1 left on base; Staten Island 4 - Spokane 6 |
|